 Dungeon Crawl Stone Soup version 0.18-a0-1764-gf4ddf0b (webtiles) character file.

231 pragmatic the Cudgeler (level 5, -4/48 HPs)
             Began as a Minotaur Berserker on Apr 13, 2016.
             Was a Believer of Trog.
             Slain by Menkaure (12 damage)
             ... on level 4 of the Dungeon.
             The game lasted 00:14:27 (2510 turns).

pragmatic the Cudgeler (Minotaur Berserker)         Turns: 2510, Time: 00:14:28

Health: -4/48      AC: 11    Str: 22    XL:     5   Next: 72%
Magic:  4/4        EV:  9    Int:  4    God:    Trog [**....]
Gold:   127        SH:  3    Dex: 10    Spells: 0 memorised, 4 levels left

rFire  . . .     SeeInvis .     k - +0 flail (venom)
rCold  . . .     Gourm    .     B - +0 chain mail
rNeg   . . .     Faith    .     (no shield)
rPois  .         Spirit   .     (helmet restricted)
rElec  .         Dismiss  .     (no cloak)
rCorr  .         Reflect  +     (no gloves)
SustAt .         Harm     .     q - +1 pair of boots
MR     .....                    z - +3 amulet of reflection
Stlth  ..........               (no ring)
                                (no ring)

@: not resistant to hostile enchantments, extremely unstealthy
A: retaliatory headbutt, horns 2
a: Berserk, Trog's Hand, Burn Spellbooks, Renounce Religion


You were on level 4 of the Dungeon.
You worshipped Trog.
Trog was pleased with you.
You were not hungry.

You visited 1 branch of the dungeon, and saw 4 of its levels.

You collected 127 gold pieces.

Inventory:

Hand Weapons
 a - a +0 mace
 k - a +0 flail of venom (weapon)
 r - a +0 club
 t - a +0 mace
Armour
 q - a +1 pair of boots (worn)
 v - a +0 ring mail
 B - a +0 chain mail (worn)
Jewellery
 x - an uncursed amulet of dismissal
 z - a +3 amulet of reflection (around neck)
Wands
 u - a wand of digging (10/24)
Scrolls
 b - a scroll of blinking {unknown}
 d - a scroll of amnesia
 f - 4 scrolls of identify
 i - a scroll of recharging {unknown}
 m - a scroll of enchant weapon {unknown}
 n - 2 scrolls of remove curse {unknown}
 w - a scroll of random uselessness {unknown}
 y - 2 scrolls of immolation {unknown}
Potions
 e - 2 potions of invisibility {unknown}
 h - 2 potions of agility {unknown}
 j - a potion of haste {unknown}
 l - 4 potions of berserk rage {unknown}
 o - a potion of flight
 p - 2 potions of heal wounds {unknown}
 s - a potion of lignification {unknown}
Books
 A - a book of Air

   Spells                             Type                      Level
   a - Shock                          Conjuration/Air              1
   b - Swiftness                      Charms/Air                   2
   c - Repel Missiles                 Charms/Air                   2
   d - Static Discharge               Conjuration/Air              3
   e - Lightning Bolt                 Conjuration/Air              5
   Trog disapproves of the use of such an item.
Comestibles
 c - 2 bread rations
 g - 2 beef jerkies


   Skills:
 + Level 5.0 Fighting
 + Level 5.2 Maces & Flails
 + Level 4.1 Armour
 + Level 3.4 Dodging


You had 4 spell levels left.
You didn't know any spells.

Dungeon Overview and Level Annotations

Branches:
Dungeon (4/15)
 Temple: D:4-7

Altars:
Makhleb
Zin

Annotations:
D:4 Menkaure


Innate Abilities, Weirdness & Mutations

You reflexively headbutt those who attack you in melee.
You have a pair of horns on your head.


Message History

You barely miss Menkaure.
Menkaure is severely damaged.
Menkaure gestures at you while chanting.
Pain shoots through your body!
* * * LOW HITPOINT WARNING * * *
You barely miss Menkaure. Your headbutt misses Menkaure.
Menkaure is severely damaged.
Menkaure completely misses you.
You hit Menkaure but do no damage.
Menkaure is severely damaged.
You block Menkaure's attack.
You hit Menkaure.
Menkaure is severely damaged.
Menkaure calls on the powers of darkness!
Your body is wracked with pain!
* * * LOW HITPOINT WARNING * * *
You hit Menkaure.
Menkaure is almost destroyed.
Menkaure hits you!
You die...

### #.. ##.###
.... ### ##M##
##.######.@.#
#.........#.......
##.######....#####
#..........#.....
#..###.###.######
#..# .# ..
#..###.## .##
###..#..... ..
##........# ?#


You could see Menkaure.

Vanquished Creatures
  Edmund (D:4)
  An orc priest (D:4)
  2 adders (D:2)
  3 oozes (D:3)
  A dart slug (D:1)
  3 giant geckos
  3 orcs
  3 ball pythons
  2 giant cockroaches (D:3)
  4 hobgoblins
  3 jackals (D:3)
  A kobold (D:1)
  A quokka (D:3)
  11 bats
  A giant gecko skeleton (D:4)
  2 giant newts
  6 goblins
  4 rats
52 creatures vanquished.

Notes
Turn   | Place    | Note
--------------------------------------------------------------
     0 | D:1      | pragmatic the Minotaur Berserker began the quest for the Orb.
     0 | D:1      | Reached XP level 1. HP: 19/19 MP: 0/0
   160 | D:1      | Reached XP level 2. HP: 27/27 MP: 1/1
   968 | D:2      | Reached XP level 3. HP: 23/33 MP: 2/2
  1287 | D:2      | Reached ** piety under Trog
  1557 | D:3      | Found a glowing silver altar of Zin.
  1719 | D:3      | Reached XP level 4. HP: 36/40 MP: 3/3
  1981 | D:3      | Found a burning altar of Makhleb.
  1981 | D:3      | Noticed a cacodemon
  1984 | D:3      | Noticed a hellwing
  1984 | D:3      | Noticed a neqoxec
  2179 | D:4      | Noticed Edmund
  2194 | D:4      | Killed Edmund
  2194 | D:4      | Reached skill level 5 in Fighting
  2194 | D:4      | Reached skill level 5 in Maces & Flails
  2194 | D:4      | Reached XP level 5. HP: 23/48 MP: 4/4
  2498 | D:4      | Noticed Menkaure
  2510 | D:4      | Slain by Menkaure

Vault maps used:
D:1:      scummos_arrival_simple_crosswalls, corexii_hall_statues_x
D:3:      makhleb_altar_promises_db, zin_academy, first_bread
D:4:      lightli_minifort, uniq_edmund, uniq_eustachio, uniq_menkaure

Skill      XL: |  1  2  3  4 |
---------------+-------------+-----
Maces & Flails | 4 5 |  5.2
Fighting       | 4 5 |  5.0
Armour         | 3 4 |  4.1
Dodging        | 3 |  3.4

Action                   |  1- 3 |  4- 6 || total
-------------------------+-------+-------++-------
Melee: Mace              |    72 |    30 ||   102
       Headbutt          |    12 |    10 ||    22
       Flail             |       |     9 ||     9
Invok: Berserk           |       |     1 ||     1
  Use: Scroll            |     2 |     2 ||     4
       Potion            |       |     3 ||     3
 Stab: Sleeping          |     1 |       ||     1
  Eat: Chunk             |     2 |     4 ||     6
Armor: Animal skin       |    20 |       ||    20
       Ring mail         |     4 |    17 ||    21
       Leather armour    |     2 |       ||     2
       Chain mail        |       |     1 ||     1
Dodge: Dodged            |    67 |    27 ||    94
Block: Other             |       |     2 ||     2
